 Dungeon Crawl Stone Soup version 0.23-a0-405-g368ce007a8 (webtiles) character file.

10152 Napalmbreeze the Thaumaturge (level 11, 0/60 HPs)
             Began as a Deep Elf Fire Elementalist on Nov 6, 2018.
             Was a Priest of Vehumet.
             Slain by a minotaur (4 damage)
             ... in a labyrinth.
             The game lasted 00:57:57 (15591 turns).

Napalmbreeze the Thaumaturge (DEFE)                Turns: 15591, Time: 00:57:58

Health: 0/60       AC: 12    Str:  5    XL:     11   Next: 32%
Magic:  5/28       EV: 21    Int: 24    God:    Vehumet [***...]
Gold:   680        SH:  0    Dex: 15    Spells: 10/33 levels left

rFire    . . .     SeeInvis .   y - +2 whip (elec)
rCold    . . .     Gourm    .   (no shield)
rNeg     + . .     Faith    .   J - +0 steam dragon scales
rPois    .         Spirit   .   K - +0 helmet
rElec    .         Reflect  .   L - +2 cloak
rCorr    .         Harm     +   t - +1 pair of gloves
MR       +....                  N - +0 pair of boots
Stlth    ++........             b - amulet of harm
HPRegen  0.20/turn              z - ring of positive energy
MPRegen  0.21/turn              D - +5 ring of evasion

@: no status effects
A: no striking features
a: Renounce Religion


You were in a labyrinth.
You worshipped Vehumet.
Vehumet was most pleased with you.
You were not hungry.

You visited 2 branches of the dungeon, and saw 12 of its levels.
You also visited: Labyrinth.

You collected 680 gold pieces.

Inventory:

Hand Weapons
 y - a +2 whip of electrocution (weapon)
Missiles
 o - 3 curare-tipped needles
 A - 17 poisoned needles
Armour
 e - a +0 shield
 t - a +1 pair of gloves (worn)
 B - the +2 robe "Ykkuer" {rPois Int-5 Dex+4}
   (You found it on level 7 of the Dungeon)

   It affects your intelligence (-5).
   It affects your dexterity (+4).
   It protects you from poison.
 J - +0 steam dragon scales (worn)
 K - a +0 helmet (worn)
 L - a +2 cloak (worn)
 N - a +0 pair of boots (worn)
Magical Staves
 v - an uncursed staff of cold
Jewellery
 b - an amulet of harm (around neck)
 n - an uncursed ring of stealth {unknown}
 z - a ring of positive energy (left hand)
 D - a +5 ring of evasion (right hand)
Wands
 k - a wand of flame (4)
 s - a wand of disintegration (9)
 x - a wand of iceblast (8)
 G - a wand of paralysis (7)
Scrolls
 d - 3 scrolls of immolation
 g - a scroll of enchant armour
 h - 4 scrolls of identify
 i - a scroll of fear
 m - 2 scrolls of blinking
 r - a scroll of teleportation
 u - 3 scrolls of magic mapping
 C - a scroll of amnesia
 I - 3 scrolls of remove curse {unknown}
 M - a scroll of summoning {unknown}
Potions
 a - 2 potions of haste {unknown}
 f - a potion of curing
 j - a potion of agility {unknown}
 l - 2 potions of might
 p - 2 potions of invisibility {unknown}
 q - 2 potions of flight {unknown}
 E - 2 potions of brilliance {unknown}
 F - a potion of degeneration {unknown}
 H - a potion of ambrosia {unknown}
 O - a potion of mutation {unknown}
Comestibles
 c - 20 rations


   Skills:
 + Level 3.8 Fighting
 + Level 6.2 Dodging
 - Level 2.4 Stealth
 + Level 11.6 Spellcasting
 - Level 10.0 Conjurations
 - Level 8.0 Fire Magic
 + Level 1.0 Air Magic
 - Level 6.0 Poison Magic
 + Level 6.6 Evocations


You had 10 spell levels left.
You knew the following spells:

 Your Spells              Type           Power        Failure   Level  Hunger
a - Flame Tongue          Conj/Fire      #####        1%          1    None
d - Conjure Flame         Conj/Fire      ######..     1%          3    None
e - Fireball              Conj/Fire      ######....   1%          5    ####...
f - Sticky Flame          Conj/Fire      ######..     1%          4    None
g - Airstrike             Air            ###.......   8%          4    None
q - Olgreb's Toxic Radia  Pois           #####...     1%          4    None
s - Throw Flame           Conj/Fire      ######       1%          2    None

Your spell library contained the following spells:

 Spells                   Type           Power        Failure   Level  Hunger
 Magic Dart               Conj           ####         1%          1    None
 Sting                    Conj/Pois      ####         1%          1    None
 Poisonous Vapours        Pois/Air       ####..       1%          2    None
 Inner Flame              Hex/Fire       ####....     1%          3    None
 Mephitic Cloud           Conj/Pois/Air  #####...     1%          3    None
 Venom Bolt               Conj/Pois      ######....   1%          5    ####...
 Animate Skeleton         Necr           N/A          4%          1    None
 Confusing Touch          Hex            ##....       4%          1    None
 Pain                     Necr           ##..         4%          1    None
 Blink                    Tloc           N/A          7%          2    None
 Call Imp                 Summ           ##......     7%          2    None
 Slow                     Hex            ##......     7%          2    None
 Confuse                  Hex            ##......     14%         3    None
 Gell's Gravitas          Tloc           ##........   14%         3    None
 Regeneration             Chrm/Necr      ##........   14%         3    None
 Vampiric Draining        Necr           ##........   14%         3    None
 Yara's Violent Unravell  Hex/Tmut       ##........   30%         5    ####...
 Animate Dead             Necr           N/A          41%         4    None
 Petrify                  Tmut/Erth      ##......     41%         4    None
 Metabolic Englaciation   Hex/Ice        ##........   77%         5    ####...


Dungeon Overview and Level Annotations

Branches:
Dungeon (11/15)            Temple (0/1) D:7            Lair (1/6) D:9
    Orc: D:9-12

Altars:
Ashenzari
Elyvilon
Fedhas
Kikubaaqudgha
Makhleb
Nemelex Xobeh
Ru
Trog
Uskayaw
Vehumet
Wu Jian
Xom
Yredelemnul
Beogh

Annotations:
D:8 3 runed doors, kroki's ghost, novice DsFi


Message History

Unknown command.
Casting: Airstrike (safe; 8% risk of failure)
Confirm with . or Enter, or press ? or * to list all spells.
Aiming: Sticky Flame (safe; 1% risk of failure)
Press: ? - help, Shift-Dir - straight line, f/p - minotaur
Aim: a minotaur, wearing a +0 plate armour (severely wounded, covered in liquid The sticky flame hits the minotaur.
The minotaur is almost dead.
The minotaur is covered in liquid flames!
The minotaur burns!
The minotaur barely misses you. The minotaur closely misses you.
Casting: Sticky Flame (safe; 1% risk of failure)
Confirm with . or Enter, or press ? or * to list all spells.
Aiming: Flame Tongue (safe; 1% risk of failure)
Press: ? - help, Shift-Dir - straight line, f/p - minotaur
Aim: a minotaur, wearing a +0 plate armour (almost dead, covered in liquid The flame tongue hits the minotaur.
The minotaur appears unharmed.
The minotaur is almost dead.
The minotaur burns!
The minotaur barely misses you. The minotaur gores you.
You die...

## .H
.###
...
#####H#
#.ยง.
.# #H#.
##
#@#(#
###.###
# .....
# ###.
##.#
#.# ..#
###. ##
# .....
. .## #
.#.


You could see a minotaur (burning).

Vanquished Creatures
  Harold (D:9)
  A two-headed ogre (D:10)
  Pikel (D:5)
  The ghost of PikkenKukken the Magician, a novice GnWz (D:5)
  A hornet (D:10)
  5 hippogriffs
  4 yaks
  3 wyverns
  3 hogs (D:8)
  A human (D:8)
  A hungry ghost (D:7)
  A steam dragon (D:8)
  Menkaure (D:4)
  Edmund (D:5)
  A water moccasin (Lair:1)
  Duvessa (D:5)
  4 sky beasts
  An orc warrior (D:9)
  An ice beast (D:7)
  3 phantoms
  Purgy (D:4)
  A slave (D:5)
  5 ogres
  A necrophage (D:5)
  4 centaurs
  A crocodile (Lair:1)
  A big kobold (D:11)
  9 bullfrogs
  A gnoll sergeant (D:7)
  Dowan (D:5)
  A wyvern skeleton (D:6)
  3 killer bees (D:9)
  5 scorpions
  4 wights (D:6)
  2 howler monkeys (D:10)
  A bullfrog zombie (D:9)
  7 crimson imps
  2 centaur zombies
  A quasit (D:8)
  Crazy Yiuf (D:2)
  A jelly (D:9)
  4 hounds
  6 orc priests
  A bullfrog skeleton (D:10)
  3 iguanas
  12 orc wizards
  A worker ant (D:6)
  A killer bee zombie (D:6)
  A hound zombie (D:5)
  A hound skeleton (D:5)
  10 gnolls
  8 adders
  A shadow imp (D:9)
  2 oozes
  An adder skeleton (D:8)
  2 worms (D:3)
  A dart slug (D:1)
  6 leopard geckos
  48 orcs
  2 bats
  9 giant cockroaches
  7 goblins
  8 hobgoblins
  10 jackals
  3 quokkas
  4 frilled lizards
  A jackal skeleton (D:6)
  10 kobolds
  A leopard gecko zombie (D:7)
  13 rats
266 creatures vanquished.

Vanquished Creatures (others)
  3 slaves (D:5)
  A scorpion (D:5)
  A worker ant (D:5)
5 creatures vanquished.

Grand Total: 271 creatures vanquished

Notes
Turn   | Place    | Note
-------+----------+-------------------------------------------
     0 | D:1      | Napalmbreeze the Deep Elf Fire Elementalist began the quest
                  | for the Orb.
     0 | D:1      | Reached XP level 1. HP: 10/10 MP: 6/6
   389 | D:1      | Reached XP level 2. HP: 15/15 MP: 2/8
   443 | D:1      | Learned a level 2 spell: Throw Flame
   929 | D:2      | Found a basalt altar of Yredelemnul.
  1117 | D:2      | Found a runed door.
  1320 | D:2      | Reached XP level 3. HP: 19/19 MP: 6/10
  1325 | D:2      | Learned a level 3 spell: Conjure Flame
  1792 | D:2      | Noticed Crazy Yiuf
  1798 | D:2      | Killed Crazy Yiuf
  1798 | D:2      | Reached skill level 1 in Evocations
  1798 | D:2      | Reached XP level 4. HP: 24/24 MP: 1/11
  2281 | D:3      | Reached skill level 4 in Spellcasting
  2615 | D:3      | Learned a level 4 spell: Sticky Flame
  2679 | D:3      | Reached XP level 5. HP: 28/28 MP: 4/13
  2744 | D:3      | Found a sparkling altar of Nemelex Xobeh.
  3393 | D:4      | Noticed Menkaure
  3565 | D:4      | Noticed Purgy
  3650 | D:4      | Noticed a hand axe
  3657 | D:4      | Found a hide-covered altar of Uskayaw.
  3657 | D:4      | Noticed a hand axe
  3710 | D:4      | Found a radiant altar of Vehumet.
  3717 | D:4      | Became a worshipper of Vehumet
  3899 | D:4      | Killed Purgy
  3899 | D:4      | Reached XP level 6. HP: 32/32 MP: 3/15
  4064 | D:4      | Noticed a moth of wrath
  4066 | D:4      | Found a bloodstained altar of Trog.
  4156 | D:4      | Found an ancient bone altar of Kikubaaqudgha.
  4196 | D:4      | Killed Menkaure
  4196 | D:4      | Reached skill level 5 in Spellcasting
  4196 | D:4      | Reached skill level 5 in Conjurations
  4272 | D:5      | Entered Level 5 of the Dungeon
  4272 | D:5      | Noticed Pikel
  4273 | D:5      | Noticed a slave
  4273 | D:5      | Noticed a slave
  4324 | D:5      | Noticed Edmund
  4339 | D:5      | Killed Edmund
  4339 | D:5      | Reached skill level 5 in Fire Magic
  4339 | D:5      | Reached XP level 7. HP: 13/36 MP: 3/17
  4676 | D:5      | Learned a level 5 spell: Fireball
  4763 | D:5      | Killed Pikel
  4763 | D:5      | Reached skill level 6 in Spellcasting
  4875 | D:5      | Reached XP level 8. HP: 41/41 MP: 11/19
  4974 | D:5      | Found a runed door.
  4976 | D:5      | Noticed PikkenKukken's ghost (novice GnWz)
  5068 | D:5      | Found a runed door.
  5222 | D:5      | Noticed Duvessa
  5224 | D:5      | Noticed Dowan
  5229 | D:5      | Killed Duvessa
  5240 | D:5      | Killed Dowan
  5727 | D:5      | Found a shimmering altar of Xom.
  5729 | D:5      | Found a burning altar of Makhleb.
  5781 | D:5      | Killed PikkenKukken's ghost
  5781 | D:5      | Reached * piety under Vehumet
  5781 | D:5      | Offered knowledge of Shock by Vehumet.
  5781 | D:5      | Reached skill level 7 in Spellcasting
  5913 | D:6      | Learned a level 4 spell: Olgreb's Toxic Radiance
  5991 | D:6      | Reached skill level 1 in Poison Magic
  6061 | D:6      | Reached XP level 9. HP: 45/45 MP: 8/22
  6168 | D:6      | Found a hide-covered altar of Uskayaw.
  6696 | D:6      | Reached skill level 8 in Spellcasting
  7033 | D:7      | Got a ripped robe
  7047 | D:7      | Identified the +2 robe "Ykkuer" {rPois Int-5 Dex+4} (You
                  | found it on level 7 of the Dungeon)
  7126 | D:7      | Found an ornate altar of the Wu Jian Council.
  7278 | D:7      | Found a staircase to the Ecumenical Temple.
  7519 | D:7      | Reached ** piety under Vehumet
  7519 | D:7      | Offered knowledge of Magic Dart by Vehumet.
  7519 | D:7      | Reached skill level 5 in Poison Magic
  7902 | D:8      | Reached skill level 9 in Spellcasting
  8167 | D:8      | Reached XP level 10. HP: 50/50 MP: 13/25
  8523 | D:8      | Reached skill level 10 in Conjurations
  8608 | D:8      | Offered knowledge of Searing Ray by Vehumet.
  8608 | D:8      | Reached skill level 10 in Spellcasting
  8852 | D:8      | Found a sacrificial altar of Ru.
  8854 | D:8      | Found a blossoming altar of Fedhas.
  8858 | D:8      | Found a shattered altar of Ashenzari.
  8859 | D:8      | Found a white marble altar of Elyvilon.
  8867 | D:8      | Found a bloodstained altar of Trog.
  9014 | D:8      | Noticed kroki's ghost (novice DsFi)
  9015 | D:8      | Found a runed gate.
  9015 | D:8      | Found a runed gate.
  9015 | D:8      | Found a runed gate.
  9024 | D:8      | Found a roughly hewn altar of Beogh.
  9165 | D:9      | Noticed Harold
  9247 | D:9      | Reached *** piety under Vehumet
  9488 | D:9      | Reached skill level 1 in Fighting
  9666 | D:9      | Killed Harold
  9666 | D:9      | Offered knowledge of Dazzling Spray by Vehumet.
  9666 | D:9      | Reached skill level 5 in Evocations
 10150 | D:9      | Reached skill level 5 in Dodging
 10150 | D:9      | Reached skill level 11 in Spellcasting
 10362 | D:9      | Found a staircase to the Lair.
 10628 | D:10     | Entered Level 10 of the Dungeon
 10987 | D:10     | Reached XP level 11. HP: 60/60 MP: 20/28
 11141 | D:10     | Reached **** piety under Vehumet
 11260 | D:10     | Noticed a two-headed ogre
 11271 | D:10     | Killed a two-headed ogre
 11303 | D:10     | Offered knowledge of Airstrike by Vehumet.
 11314 | D:10     | Learned a level 4 spell: Airstrike
 11879 | Lair:1   | Entered Level 1 of the Lair of Beasts
 11888 | Lair:1   | Reached skill level 1 in Air Magic
 11944 | Lair:1   | Found a labyrinth entrance.
 11961 | Lab      | Entered a labyrinth
 15312 | Lab      | Noticed a minotaur
 15587 | Lab      | HP: 3/60 [minotaur (4)]
 15591 | Lab      | Slain by a minotaur

Vault maps used:
D:1:      erik_arrival_blinker_ship
D:2:      lemuel_crystal_altar, kennysheep_crisscross, minivault_23,
          uniq_crazy_yiuf_cottage
D:3:      nemelex_xobeh_ov_fountains_minmay
D:4:      lemuel_crystal_altar, dancing_weapons_uskayaw, kennysheep_mini,
          first_ration, tgw_trog, uniq_purgy, uniq_menkaure
D:5:      grunt_temple_overflow_champion_of_chaos, ebering_ghost_sewer_f,
          minmay_misc_feat_five, corexii_leaking_fountain,
          kennysheep_generic_room_15, uniq_duvessa, uniq_edmund, uniq_pikel
D:6:      basic_altar
D:7:      marbit_many_paths, minmay_temple_entry_glass
D:8:      minitemple, biasface_ghost_orc_armoury, grunt_livestock
D:9:      lair_entry_dummy, uniq_harold
D:11:     hiddenorc2_lemuel, serial_shops, nicolae_shop_stone,
          nrook_pool_corridor
Lair:1:   lab_entry_generic, uniq_gastronok, uniq_grum

Skill      XL: |  1  2  3  4  5  6  7  8  9 10 11 |
---------------+----------------------------------+-----
Conjurations   | 2 3 4 5 6 8 9 10 | 10.0
Evocations     | 1 2 3 4 5 6 |  6.6
Fire Magic     | 4 5 6 8 |  8.0
Spellcasting   | 4 5 6 7 9 11 | 11.6
Poison Magic   | 1 6 |  6.0
Dodging        | 5 6 |  6.2
Fighting       | 3 |  3.8
Air Magic      | 1 |  1.0
Stealth        | |  2.4

Action                   |  1- 3 |  4- 6 |  7- 9 | 10-12 || total
-------------------------+-------+-------+-------+-------++-------
Melee: Unarmed           |     2 |       |       |       ||     2
       Dagger            |     2 |     3 |       |       ||     5
       Whip              |       |       |     3 |    37 ||    40
 Cast: Flame Tongue      |    38 |    97 |   119 |   140 ||   394
       Throw Flame       |    17 |    22 |    42 |    70 ||   151
       Conjure Flame     |     1 |    11 |    15 |     7 ||    34
       Sticky Flame      |       |       |     4 |    19 ||    23
       Fireball          |       |       |     9 |    16 ||    25
       Olgreb's Toxic Ra |       |       |       |     2 ||     2
       Airstrike         |       |       |       |     2 ||     2
Evoke: Wand              |       |     2 |    17 |     2 ||    21
  Use: Scroll            |       |       |       |    13 ||    13
       Potion            |       |       |       |     1 ||     1
  Eat: Chunk             |     3 |     8 |    14 |    15 ||    40
       Ration            |       |       |       |     3 ||     3
Armor: Robe              |     6 |     1 |     5 |       ||    12
       Steam dragon scal |       |       |       |    35 ||    35
Dodge: Dodged            |     9 |    18 |    12 |    76 ||   115

Table legend:
 A = Non-vault XP
 B = Vault XP
 C = Vault XP percentage of total XP
 D = Non-vault monster count
 E = Vault monster count
 F = Vault count percentage of total count
                 A         B        C        D         E       F
            +---------+---------+-------+---------+---------+-------
      Total |   10312 |    4192 |  28.9 |     226 |      39 |  14.7
            +---------+---------+-------+---------+---------+-------
        D:1 |      33 |       0 |   0.0 |      16 |       0 |   0.0
        D:2 |      31 |      44 |  58.7 |      15 |       1 |   6.2
        D:3 |     209 |       0 |   0.0 |      33 |       0 |   0.0
        D:4 |      47 |     306 |  86.7 |       9 |       7 |  43.8
        D:5 |     298 |    1579 |  84.1 |       9 |       9 |  50.0
        D:6 |     856 |       0 |   0.0 |      27 |       0 |   0.0
        D:7 |    1144 |     177 |  13.4 |      16 |       1 |   5.9
        D:8 |    1236 |    1027 |  45.4 |      28 |       5 |  15.2
        D:9 |    2453 |     944 |  27.8 |      41 |       1 |   2.4
       D:10 |    3210 |       0 |   0.0 |      20 |       0 |   0.0
       D:11 |     361 |     115 |  24.2 |       8 |      15 |  65.2
     Lair:1 |     434 |       0 |   0.0 |       4 |       0 |   0.0
            +---------+---------+-------+---------+---------+-------
